 Dungeon Crawl Stone Soup version 0.20.0-15-g7f486f2 (webtiles) character file.

1638 Derenoc the Martial Artist (level 8, -4/54 HPs)
             Began as an Octopode Transmuter on June 11, 2017.
             Killed from afar by donomii's ghost (7 damage)
             ... with a magic dart
             ... on level 7 of the Dungeon.
             The game lasted 00:33:21 (6075 turns).

Derenoc the Martial Artist (Octopode Transmuter)    Turns: 6075, Time: 00:33:22

Health: -4/54      AC:  4    Str:  9    XL:     8   Next: 98%
Magic:  3/13       EV: 15    Int: 15    God:
Gold:   477        SH:  0    Dex: 15    Spells: 7/14 levels left

rFire    . . .     SeeInvis .     - Unarmed
rCold    . . .     Gourm    .   (no shield)
rNeg     . . .     Faith    .   (helmet restricted)
rPois    .         Spirit   .   (no amulet)
rElec    .         Reflect  .   k - +3 ring of protection
rCorr    .         Harm     .   n - ring of wizardry
MR       .....                  (no ring)
Stlth    +++.......             (no ring)
Regen    0.2/turn               (no ring)
MPRegen  0.2/turn               (no ring)
                                (no ring)
                                (no ring)

@: appendage, very slightly contaminated
A: almost no armour, stealthy swim, amphibious, 8 rings, constrict 8, tentacle
spike 3, camouflage 1, gelatinous body 1
a: End Transformation


You were on level 7 of the Dungeon.
You were hungry.
One of your tentacles had a temporary spike.
You visited 1 branch of the dungeon, and saw 7 of its levels.

You collected 477 gold pieces.

Inventory:

Hand Weapons
 i - a +0 club
 j - a +0 club
Missiles
 a - 76 arrows
Armour
 f - a +0 buckler
Jewellery
 k - a +3 ring of protection (left tentacle)
 n - a ring of wizardry (right tentacle)
Wands
 e - a wand of flame (27/48)
 t - a wand of lightning (10/15)
 x - a wand of iceblast (11/15)
Scrolls
 m - a scroll of enchant armour
 p - a scroll of magic mapping
 q - a scroll of identify
 s - a scroll of remove curse
Potions
 d - a potion of brilliance
 v - a potion of magic
Books
 b - a book of Changes

   Spells                             Type                      Level
   a - Beastly Appendage              Transmutation                1
   b - Sticks to Snakes               Transmutation                2
   c - Spider Form                    Transmutation/Poison         3
   d - Ice Form                       Ice/Transmutation            4
   e - Blade Hands                    Transmutation                5
 o - a Young Poisoner's Handbook

   Spells                             Type                      Level
   a - Sting                          Conjuration/Poison           1
   b - Poisonous Vapours              Poison/Air                   2
   c - Mephitic Cloud                 Conjuration/Poison/Air       3
   d - Olgreb's Toxic Radiance        Poison                       4
   e - Venom Bolt                     Conjuration/Poison           5
Comestibles
 c - 2 bread rations
 g - 8 fruits
 h - 4 chunks of flesh
 l - 4 meat rations
 w - 3 royal jellies


   Skills:
 * Level 4.8 Fighting
 + Level 3.6 Dodging
 + Level 3.4 Stealth
 * Level 8.6 Unarmed Combat
 + Level 3.5 Spellcasting
 + Level 3.1 Transmutations


You had 7 spell levels left.
You knew the following spells:

 Your Spells              Type           Power        Failure   Level  Hunger
a - Beastly Appendage     Tmut           ##....       2%          1    None
b - Sticks to Snakes      Tmut           ##......     3%          2    ##.....
c - Ice Form              Ice/Tmut       #.......     36%         4    ####...


Dungeon Overview and Level Annotations

Branches:
Dungeon (7/15)
 Temple: D:4-7

Altars:
Gozag
Hepliaklqana
Okawaru
Trog
Zin

Shops:
D:5 %

Annotations:
D:7 donomii's ghost, novice FoWz


Innate Abilities, Weirdness & Mutations

You cannot wear most types of armour.
You are very stealthy in the water. (Stealth+)
You are amphibious.
You can wear up to eight rings at the same time.
You can use your tentacles to constrict eight enemies at once.
Your skin changes colour to match your surroundings (Stealth+).
Your rubbery body absorbs attacks. (AC +1, EV +1)
One of your tentacles bears a large vicious spike.


Message History

Donomii's ghost gestures at you while chanting.
The magic dart hits your adder.
Your adder dies!
Your adder bites donomii's ghost but does no damage.
Your ball python bites donomii's ghost but does no damage.
Something hits your adder!
Casting: Beastly Appendage
Confirm with . or Enter, or press ? or * to list all spells.
You create a snake!
You now have 76 arrows.
You are feeling hungry.
Your adder misses donomii's ghost.
Donomii's ghost barely misses your adder.
Your adder barely misses donomii's ghost.
Your adder barely misses donomii's ghost.
Donomii's ghost hits your adder.
Your adder dies!
Your ball python bites donomii's ghost but does no damage.
Donomii's ghost points at you and mumbles some strange words.
The magic dart hits you!
You die...

......#.##.#.+............+
#######.##.###............#
........[.................+
#######.#....########.#...#
#)..#........# #.#...#
#...#.#......# #.#####
#...#....SW##########.#
....'...............#.#
#...#####...S...@...+..
#...# ###......>..#. #...#
#.........# #...#
#.........# #####
#.........# #.........#
#.........# #.........#


You could see donomii's ghost, a friendly adder and a friendly ball python.

Vanquished Creatures
  2 orc warriors
  A sky beast (D:3)
  A centaur (D:5)
  4 ogres
  A big kobold (D:6)
  A bullfrog (D:6)
  A scorpion (D:4)
  A howler monkey (D:6)
  2 crimson imps
  A centaur zombie (D:7)
  A hound (D:4)
  2 orc priests
  2 iguanas
  4 worker ants
  3 orc wizards
  A hound zombie (D:7)
  7 gnolls (D:5)
  9 adders
  A shadow imp (D:7)
  An ooze (D:5)
  2 adder skeletons
  2 worms (D:3)
  7 dart slugs
  3 leopard geckos
  20 orcs
  4 bats
  5 giant cockroaches
  6 goblins
  11 hobgoblins
  12 jackals
  14 kobolds
  2 quokkas
  A ball python (D:2)
  8 frilled lizards
  A jackal zombie (D:5)
  A quokka skeleton (D:5)
  A quokka zombie (D:6)
  5 rats
151 creatures vanquished.

Vanquished Creatures (collateral kills)
  An adder (D:2)
  An ooze (D:3)
  A goblin (D:3)
  A jackal (D:1)
  A bat (D:3)
  A frilled lizard (D:3)
  2 kobolds
8 creatures vanquished.

Vanquished Creatures (others)
  An orc (D:7)
1 creature vanquished.

Grand Total: 160 creatures vanquished

Notes
Turn   | Place    | Note
-------+----------+-------------------------------------------
     0 | D:1      | Derenoc the Octopode Transmuter began the quest for the Orb.
     0 | D:1      | Reached XP level 1. HP: 13/13 MP: 3/3
    72 | D:1      | Reached XP level 2. HP: 11/19 MP: 5/5
    76 | D:1      | Learned a level 2 spell: Sticks to Snakes
   534 | D:1      | Reached XP level 3. HP: 24/24 MP: 6/6
  1155 | D:2      | Reached XP level 4. HP: 24/30 MP: 7/7
  1162 | D:2      | Learned a level 4 spell: Ice Form
  1461 | D:2      | Reached skill level 4 in Unarmed Combat
  2368 | D:3      | Reached XP level 5. HP: 33/36 MP: 8/8
  2370 | D:3      | Reached skill level 1 in Stealth
  2789 | D:3      | Noticed a sky beast
  2816 | D:3      | Killed a sky beast
  2816 | D:3      | Reached skill level 5 in Unarmed Combat
  2816 | D:3      | Reached XP level 6. HP: 20/42 MP: 1/10
  2999 | D:3      | Found a bloodstained altar of Trog.
  2999 | D:3      | Found a hazy altar of Hepliaklqana.
  3678 | D:4      | Reached XP level 7. HP: 18/46 MP: 11/11
  4251 | D:5      | Entered Level 5 of the Dungeon
  4299 | D:5      | Reached skill level 6 in Unarmed Combat
  4343 | D:5      | Found Xilim's Food Boutique.
  4919 | D:6      | Found an iron altar of Okawaru.
  4919 | D:6      | Found an opulent altar of Gozag.
  5017 | D:6      | Reached XP level 8. HP: 37/54 MP: 3/12
  5023 | D:6      | Reached skill level 7 in Unarmed Combat
  5824 | D:6      | Found a glowing silver altar of Zin.
  5848 | D:7      | Reached skill level 8 in Unarmed Combat
  6046 | D:7      | Noticed donomii's ghost (novice FoWz)
  6067 | D:7      | HP: 2/54 [donomii's ghost (6)]
  6075 | D:7      | Killed from afar by donomii's ghost

Skill      XL: |  1  2  3  4  5  6  7  8 |
---------------+-------------------------+-----
Fighting       | 2 3 4 |  4.8
Unarmed Combat | 4 5 6 8 |  8.6
Stealth        | 1 2 3 |  3.4
Spellcasting   | 3 |  3.5
Dodging        | 3 |  3.6
Transmutations | 3 |  3.1

Action                   |  1- 3 |  4- 6 |  7- 9 || total
-------------------------+-------+-------+-------++-------
Melee: Unarmed           |    73 |   152 |   194 ||   419
       Constrict         |    22 |    35 |    40 ||    97
       Tentacles         |    11 |    31 |    46 ||    88
       Punch             |     1 |     4 |    14 ||    19
       Kick              |       |    19 |    11 ||    30
 Cast: Sticks to Snakes  |     4 |    11 |    18 ||    33
       Beastly Appendage |     1 |    12 |     5 ||    18
       Ice Form          |       |     1 |       ||     1
  Use: Potion            |     2 |     3 |     6 ||    11
       Scroll            |       |     5 |     6 ||    11
 Stab: Sleeping          |     8 |     6 |     8 ||    22
       Distracted        |       |       |     2 ||     2
       Invisible         |       |       |     2 ||     2
  Eat: Chunk             |     1 |    10 |     8 ||    19
Armor: Skin              |     1 |    21 |    20 ||    42
Dodge: Dodged            |    29 |    84 |   100 ||   213
